 Dungeon Crawl Stone Soup version 0.22.1-1-ga44c0e5 (webtiles) character file.

45 mandick the Insei (level 3, -6/18 HPs)
             Began as a Vine Stalker Transmuter on Sept 30, 2018.
             Mangled by Crazy Yiuf
             ... wielding a +2 quarterstaff of chaos
              (9 damage)
             ... on level 2 of the Dungeon.
             The game lasted 00:03:49 (1850 turns).

mandick the Insei (Vine Stalker Transmuter)         Turns: 1850, Time: 00:03:50

Health: -6/18      AC:  3    Str: 13    XL:     3   Next: 64%
Magic:  0/7        EV: 12    Int: 13    God:
Gold:   134        SH:  0    Dex: 14    Spells: 5/6 levels left

rFire    . . .     SeeInvis .   m - +0 dagger (speed)
rCold    . . .     Gourm    .   (no shield)
rNeg     . . .     Faith    .   b - +0 robe
rPois    .         Spirit   +   (no helmet)
rElec    .         Reflect  .   h - +0 cloak
rCorr    .         Harm     .   (no gloves)
MR       .....                  (boots currently unavailable)
Stlth    +.........             (no amulet)
HPRegen  0.06/turn              (no ring)
MPRegen  0.10/turn              (no ring)

@: appendage (expiring)
A: fangs 2, talons 3, magic shield, antimagic bite, no potion heal 3, rot
immunity
a: End Transformation


You were on level 2 of the Dungeon.
You were not hungry.
You had grown temporary talons.
You visited 1 branch of the dungeon, and saw 2 of its levels.

You collected 134 gold pieces.

Inventory:

Hand Weapons
 f - a +0 hand axe
 m - a +0 dagger of speed (weapon)
Missiles
 a - 36 arrows
Armour
 b - a +0 robe (worn)
 h - a +0 cloak (worn)
Jewellery
 o - an uncursed ring of positive energy {unknown}
 t - an uncursed amulet of faith {unknown}
Scrolls
 i - a scroll of amnesia {unknown}
 j - 2 scrolls of enchant weapon {unknown}
 k - 2 scrolls of remove curse {unknown}
 l - 3 scrolls of fog {unknown}
 r - a scroll of random uselessness {unknown}
Potions
 c - a potion of agility {unknown}
 e - a potion of invisibility {unknown}
 g - 2 potions of brilliance {unknown}
 n - 2 potions of heal wounds {unknown}
 p - a potion of degeneration {unknown}
 q - a potion of berserk rage {unknown}
Comestibles
 d - 2 rations
 s - 5 chunks of flesh


   Skills:
 + Level 1.6 Fighting
 + Level 2.1 Dodging
 + Level 3.4 Unarmed Combat
 - Level 2.1 Spellcasting
 + Level 2.5 Transmutations


You had 5 spell levels left.
You knew the following spells:

 Your Spells              Type           Power        Failure   Level  Hunger
a - Beastly Appendage     Tmut           #.....       9%          1    ##.....

Your spell library contained the following spells:

 Spells                   Type           Power        Failure   Level  Hunger
 Sticks to Snakes         Tmut           #.......     13%         2    ###....
 Spider Form              Tmut/Pois      #.........   41%         3    ####...
 Ice Form                 Ice/Tmut       #.......     83%         4    #####..
 Blade Hands              Tmut           #.........   94%         5    ######.


Dungeon Overview and Level Annotations

Branches:
Dungeon (2/15)

Altars:

Annotations:
D:2 Crazy Yiuf


Innate Abilities, Weirdness & Mutations

You have extremely sharp teeth.
When hurt, damage is shared between your health and your magic reserves.
Your bite disrupts and absorbs the magic of your enemies.
Potions cannot restore your health.
You are immune to rotting.
You have claws for feet.


Message History

Crazy Yiuf is moderately wounded.
You hit Crazy Yiuf but do no damage. You bite Crazy Yiuf. You drain his power.
Crazy Yiuf is heavily wounded.
Your transformation is almost over.
Crazy Yiuf hits you with a quarterstaff of chaos.
* * * LOW HITPOINT WARNING * * *
Crazy Yiuf burns you.
* * * LOW HITPOINT WARNING * * *
You barely miss Crazy Yiuf. You claw Crazy Yiuf.
You bite Crazy Yiuf, but do no damage.
Crazy Yiuf is severely wounded.
You completely miss Crazy Yiuf. Your kick misses Crazy Yiuf.
Crazy Yiuf is severely wounded.
Crazy Yiuf barely misses you.
You barely miss Crazy Yiuf. You claw Crazy Yiuf, but do no damage.
Your bite misses Crazy Yiuf.
Crazy Yiuf is severely wounded.
Crazy Yiuf hits you with a quarterstaff of chaos!
Ouch! That really hurt!
You die...

♣♣.♣ #.#
♣..♣ #.#
♣.♣♣ #.#
♣.♣♣ #.#
♣♣.♣ #.#
♣♣.♣♣ #.#
##### ♣.♣♣
##.# #)..#
♣.♣ #..#
#.g.# ♣.♣
#).# #.@.#
♣.♣ #..#
##'## ♣.♣
##..# ♣.♣♣
♣♣.♣ #...#
♣♣.♣ ♣♣.♣♣
#.#.# ♣.♣♣
♣.♣♣ ##...#
♣♣.♣
#.#####...##
♣♣.♣♣
...........#
♣♣...♣
############
♣...♣♣


You could see Crazy Yiuf.

Vanquished Creatures
  An adder (D:2)
  2 worms (D:2)
  A dart slug (D:1)
  A leopard gecko (D:2)
  4 bats
  6 goblins
  3 hobgoblins (D:1)
  2 kobolds (D:1)
  A quokka (D:2)
  A ball python (D:1)
  A frilled lizard (D:1)
  3 rats (D:1)
26 creatures vanquished.

Notes
Turn   | Place    | Note
-------+----------+-------------------------------------------
     0 | D:1      | mandick the Vine Stalker Transmuter began the quest for the
                  | Orb.
     0 | D:1      | Reached XP level 1. HP: 9/9 MP: 4/4
   176 | D:1      | Reached skill level 1 in Fighting
   336 | D:1      | Reached XP level 2. HP: 14/14 MP: 4/6
  1446 | D:2      | Reached XP level 3. HP: 13/18 MP: 4/7
  1835 | D:2      | Found a runed door.
  1840 | D:2      | Noticed Crazy Yiuf
  1850 | D:2      | Mangled by Crazy Yiuf

Skill      XL: |  1  2  3 |
---------------+----------+-----
Fighting       | 1 |  1.6
Dodging        | 2 |  2.1
Unarmed Combat | |  3.4
Spellcasting   | |  2.1
Transmutations | |  2.5

Action                   || total
-------------------------++-------
Melee: Unarmed           ||    48
       Bite              ||    18
       Kick              ||    15
       Headbutt          ||     4
       Dagger            ||    52
       Punch             ||     1
 Cast: Beastly Appendage ||    15
 Stab: Sleeping          ||     1
  Eat: Chunk             ||     3
Armor: Robe              ||    27
Dodge: Dodged            ||    61
